 Dungeon Crawl Stone Soup version 0.29-a0-555-g3b24f45cc1 (webtiles) character file.

Game seed: 11090015266266722162

4748 dolemite99 the Cruncher (level 10, 0/86 HPs)
             Began as a Minotaur Gladiator on June 7, 2022.
             Was a Priest of Lugonu.
             Succumbed to a cane toad's poison
             ... on level 1 of the Lair of Beasts.
             The game lasted 00:09:11 (11768 turns).

dolemite99 the Cruncher (Minotaur Gladiator)       Turns: 11768, Time: 00:09:11

Health: 0/86       AC: 11    Str: 23    XL:     10   Next: 23%
Magic:  11/15      EV:  9    Int:  5    God:    Lugonu [***...]
Gold:   590        SH:  0    Dex: 12    Spells: 9/9 levels left

rFire   . . .      SeeInvis .   a - +2 quarterstaff
rCold   . . .      Faith    .   (shield currently unavailable)
rNeg    . . .      Spirit   .   j - +0 chain mail
rPois   .          Reflect  .   c - +0 hat
rElec   .          Harm     .   k - scarf {repulsion}
rCorr   .          Rampage  .   (no gloves)
Will    .....                   (no boots)
Stlth   ..........              (no amulet)
HPRegen 0.24/turn               (no ring)
MPRegen 0.14/turn               (no ring)

@: lethally poisoned (0 -> -5), repel missiles
A: horns 2, retaliatory headbutt
a: Renounce Religion, Depart the Abyss, Bend Space, Banish


You were on level 1 of the Lair of Beasts.
You worshipped Lugonu.
Lugonu was most pleased with you.
You visited 2 branches of the dungeon, and saw 9 of its levels.

You collected 590 gold pieces.

Inventory:

Hand Weapons
 a - a +2 quarterstaff (weapon)
 i - a +1 whip of flaming
 p - a +0 morningstar
 q - a +1 whip of distortion
 s - a +1 flail of holy wrath
 w - a +2 flail of freezing
Missiles
 d - 3 throwing nets (quivered)
 e - a javelin
 v - 21 poisoned darts
Armour
 b - a +0 leather armour
 c - a +0 hat (worn)
 j - a +0 chain mail (worn)
 k - a scarf of repulsion (worn)
Jewellery
 f - a ring of positive energy
 t - a ring of wizardry
Wands
 l - a wand of flame (53)
Scrolls
 g - 2 scrolls of blinking
 h - a scroll of fog
Potions
 m - a potion of berserk rage
 n - 2 potions of lignification
 o - a potion of ambrosia
 r - a potion of resistance
 u - 2 potions of curing
 x - 2 potions of might {unknown}
 z - a potion of degeneration {unknown}


   Skills:
 + Level 7.5 Fighting
 - Level 9.3 Staves
 - Level 2.0 Throwing
 + Level 9.0 Armour
 - Level 3.2 Dodging
 - Level 9.2 Invocations


You had 9 spell levels left.
You didn't know any spells.
Your spell library contained the following spells:

 Spells                   Type           Power      Damage    Failure   Level
 Conjure Flame            Conj/Fire      0%         6-21      100%        3
 Ignite Poison            Fire/Tmut/Pois 0%         N/A       100%        3
 Ozocubu's Armour         Ice            0%         N/A       100%        3
 Stone Arrow              Conj/Erth      0%         3d7       100%        3
 Tukima's Dance           Hex            0%         N/A       100%        3
 Animate Armour           Summ/Erth      0%         N/A       100%        4
 Corpse Rot               Necr/Pois/Air  0%         N/A       100%        4
 Dispel Undead            Necr           0%         3d6       100%        4
 Passage of Golubria      Tloc           0%         N/A       100%        4
 Sticky Flame             Conj/Fire      0%         2d3       100%        4
 Metabolic Englaciation   Hex/Ice        0%         N/A       100%        5
 Yara's Violent Unravell  Hex/Tmut       0%         3d3       100%        5
 Death Channel            Necr           0%         N/A       100%        6
 Simulacrum               Ice/Necr       0%         N/A       100%        6
 Lehudib's Crystal Spear  Conj/Erth      0%         10d2      100%        8


Dungeon Overview and Level Annotations

Branches:
Dungeon (8/15)             Temple (0/1) D:5            Lair (1/6) D:8

Altars:
Dithmenos
Elyvilon
Fedhas
Nemelex Xobeh
Okawaru
Sif Muna
Trog
Beogh
Lugonu

Shops:
D:3 [

Annotations:
D:3 3 runed translucent doors, samgaumpmail's ghost, weakling DgTm
D:7 1 runed translucent door, Crazy Yiuf
D:8 Gastronok; Grum
Abyss:1 Joseph


Innate Abilities, Weirdness & Mutations

You have a pair of horns on your head.
You reflexively headbutt those who attack you in melee.


Message History

The cane toad stings you!
You barely miss the cane toad.
The cane toad is lightly wounded.
The cane toad closely misses you. You furiously retaliate!
You headbutt the cane toad. You barely miss the cane toad.
The cane toad is moderately wounded.
The cane toad stings you!!
You are poisoned.
The cane toad poisons you!
You are too injured to fight recklessly!
You barely miss the cane toad. You headbutt the cane toad.
The cane toad is moderately wounded.
You feel very sick. The cane toad completely misses you.
You hit the cane toad. You headbutt the cane toad.
The cane toad is moderately wounded.
You feel sick. The cane toad stings you!
You hit the cane toad but do no damage. Your headbutt misses the cane toad.
The cane toad is moderately wounded.
You feel very sick. The cane toad stings you.
You hit the cane toad.
The cane toad is heavily wounded.
You feel sick.
The cane toad stings you but does no damage.
You barely miss the cane toad. You headbutt the cane toad.
The cane toad is heavily wounded.
You feel sick. The cane toad stings you!
* * * LOW HITPOINT WARNING * * *
You hit the cane toad.
You headbutt the cane toad, but do no damage.
The cane toad is heavily wounded.
You feel sick. The cane toad stings you!
* * * LOW HITPOINT WARNING * * *
Press: ? - help, Shift-Dir - straight line, f - cane toad
Aim: a cane toad (heavily wounded, chance to affect: 85%)
The cane toad is devoured by a tear in reality.
Lugonu claims a new guest.
You die...

###....... .#........
#### #.$......#
#...##......... #....
#............# ##.... .
##.....§...# ##....##.
.#.....§§..# ##.....#..
#......@§## ##.........
..........####...>.....
............##......#
....................# .
......####.........##
.....# ##........#
....# ###......#####
.... ###..........#.#
### .##
###..............##


There were no monsters in sight!

Vanquished Creatures
  5 yaks
  A steam dragon (D:7)
  Menkaure (D:5)
  Edmund (D:5)
  An acid dragon (D:8)
  3 water moccasins
  An ice beast (D:6)
  2 sky beasts (D:7)
  A centaur (D:6)
  A wolf (D:8)
  A phantom (D:5)
  Blork the orc (D:5)
  3 kobold brigands
  A gnoll sergeant (D:8)
  A bullfrog (D:6)
  A necrophage (D:6)
  2 scorpions
  6 wights
  4 killer bees (D:8)
  4 howler monkeys
  2 hounds (D:6)
  A jelly (D:8)
  2 orc priests
  Jessica (D:2)
  Ijyb (D:3)
  2 iguanas
  7 orc wizards
  4 gnolls (D:4)
  An adder (D:5)
  A white imp (D:7)
  3 worms
  5 dart slugs
  20 orcs
  2 ball pythons
  2 bats
  10 endoplasms
  2 giant cockroaches
  8 goblins (D:3)
  5 hobgoblins
  12 jackals
  16 kobolds
  4 quokkas
  4 frilled lizards
  7 rats
163 creatures vanquished.

Vanquished Creatures (others)
  An orc (D:8)
  2 fungi (D:8)
  2 plants (D:8)
5 creatures vanquished.

Grand Total: 168 creatures vanquished

Notes
Turn   | Place    | Note
-------+----------+-------------------------------------------
     0 | D:1      | dolemite99 the Minotaur Gladiator began the quest for the
                  | Orb.
     0 | D:1      | Reached XP level 1. HP: 18/18 MP: 0/0
   112 | D:1      | Found a faded altar of an unknown god.
   121 | D:1      | Prayed at the altar of an unknown god.
   121 | D:1      | Became a worshipper of Lugonu the Unformed
   121 | D:1      | Reached * piety under Lugonu
   121 | D:1      | Reached ** piety under Lugonu
   158 | D:1      | Reached XP level 2. HP: 24/25 MP: 1/1
  1067 | D:2      | Reached skill level 5 in Staves
  1201 | D:2      | Reached XP level 3. HP: 30/30 MP: 2/2
  1299 | D:2      | Noticed Jessica
  1307 | D:2      | Killed Jessica
  1513 | D:2      | Reached XP level 4. HP: 36/37 MP: 3/3
  1972 | D:3      | Found Vicom's Antique Armour Emporium.
  2016 | D:3      | Reached *** piety under Lugonu
  2306 | D:3      | Noticed Ijyb
  2383 | D:3      | Killed Ijyb
  2539 | D:3      | Found an iron altar of Okawaru.
  2624 | D:3      | Found a runed translucent gate.
  2625 | D:3      | Found a runed translucent gate.
  2626 | D:3      | Found a runed translucent gate.
  2626 | D:3      | Noticed samgaumpmail's ghost (weakling DgTm)
  2627 | D:3      | Identified the +2 leather armour of the Dwarven Hall
                  | {Contam +Blink rN+ Will+}
  2784 | D:4      | Noticed a scorpion
  2789 | D:4      | Killed a scorpion
  2790 | D:4      | Reached XP level 5. HP: 35/42 MP: 4/4
  3200 | D:4      | Found a sparkling altar of Nemelex Xobeh.
  3218 | D:4      | Reached XP level 6. HP: 23/50 MP: 5/5
  3837 | D:5      | Entered Level 5 of the Dungeon
  3839 | D:5      | Found a blossoming altar of Fedhas.
  4206 | D:5      | Reached skill level 1 in Invocations
  4244 | D:5      | Found a staircase to the Ecumenical Temple.
  4378 | D:5      | Noticed Blork the orc
  4382 | D:5      | Reached **** piety under Lugonu
  4397 | D:5      | Killed Blork the orc
  4398 | D:5      | Reached XP level 7. HP: 21/56 MP: 7/7
  4895 | D:5      | Noticed Menkaure
  4904 | D:5      | Killed Menkaure
  5236 | D:5      | Noticed Edmund
  5247 | D:5      | Killed Edmund
  5248 | D:5      | Reached skill level 5 in Invocations
  5396 | D:6      | Reached XP level 8. HP: 56/62 MP: 11/11
  5930 | D:6      | Found a bloodstained altar of Trog.
  6236 | D:6      | Found a shadowy altar of Dithmenos.
  6310 | D:6      | Found a white marble altar of Elyvilon.
  6806 | D:7      | Reached XP level 9. HP: 66/69 MP: 14/14
  6825 | D:7      | Found a shimmering blue altar of Sif Muna.
  7010 | D:7      | Reached skill level 5 in Fighting
  7523 | D:7      | Reached skill level 1 in Armour
  7616 | D:7      | Noticed Joseph
  7619 | D:7      | Banished Joseph
  8216 | D:7      | Found a runed translucent door.
  8217 | D:7      | Noticed Crazy Yiuf
  8764 | D:7      | Reached skill level 5 in Armour
  8918 | D:8      | Found a staircase to the Lair.
  9042 | D:8      | Reached XP level 10. HP: 46/84 MP: 11/15
 10685 | D:8      | Noticed Gastronok
 10685 | D:8      | Noticed Grum
 11558 | Lair:1   | Entered Level 1 of the Lair of Beasts
 11756 | Lair:1   | Noticed a cane toad
 11767 | Lair:1   | HP: 1/86 [cane toad (11)]
 11768 | Lair:1   | Banished a cane toad
 11768 | Lair:1   | Succumbed to a cane toad's poison

Illustrated notes

Levels and vault maps discovered:
D:1:      dpeg_arrival_stone_temple_mockup, layout_loops_ring,
          chequers_ecumenical_altar_simple, kennysheep_minor_cross
D:2:      layout_basic, serial_glass, glass_columns_a, glass_columns_b,
          uniq_jessica
D:3:      kennysheep_goblin_castle, layout_rooms, mainiacjoe_overflow_boulevard,
          serial_shops, nicolae_square_shop, biasface_ghost_orc_armoury
D:4:      layout_basic, lemuel_tele_altar
D:5:      layout_gridville, fedhas_altar_3, minmay_temple_entry_slanted,
          uniq_menkaure, uniq_edmund, uniq_blork_the_orc
D:6:      layout_basic, general_overflow_altar, minitemple, minivault_19,
          minmay_crystal_water
D:7:      layout_loops_ring, mainiacjoe_overflow_alcove_2,
          uniq_crazy_yiuf_cottage, uniq_joseph
D:8:      layout_loops_ring, dpeg_oklobed_lair, kennysheep_generic_room_9,
          uniq_grum, uniq_gastronok
Lair:1:   layout_hall_layers, st_stairs_6

Skill      XL: |  1  2  3  4  5  6  7  8  9 10 |
---------------+-------------------------------+-----
Staves         | 4 5 7 8 9 |  9.3
Invocations    | 2 5 9 |  9.2
Fighting       | 3 6 7 |  7.5
Armour         | 8 9 |  9.0
Throwing       | |  2.0
Dodging        | |  3.2

Action                   |  1- 3 |  4- 6 |  7- 9 | 10-12 || total
-------------------------+-------+-------+-------+-------++-------
Melee: Quarterstaff      |    51 |   150 |   173 |   122 ||   496
       Headbutt          |     8 |    18 |    40 |    11 ||    77
Invok: Banish            |       |       |    11 |     1 ||    12
  Use: Scroll            |     8 |     2 |     5 |     1 ||    16
       Potion            |       |     5 |     4 |     1 ||    10
Armor: Leather armour    |     4 |       |       |       ||     4
       Chain mail        |    25 |    85 |    53 |    35 ||   198
       Skin              |       |       |       |    42 ||    42
Dodge: Dodged            |    18 |    66 |    61 |    39 ||   184
       Repelled          |       |     6 |       |     1 ||     7

Table legend: (Time is in decaauts)
 A = Elapsed time spent in this place.
 B = Non-inter-level travel time spent in this place.
 C = Inter-level travel time spent in this place.
 D = Time resting spent in this place.
 E = Time spent auto-exploring this place.
 F = Levels seen in this place.
 G = Mean time per level.
                   A        B        C        D        E       F      G
               +--------+--------+--------+--------+--------+-----+--------+
         Total |  11747 |  11386 |    361 |   4326 |   5616 |   9 | 1305.2 |
       Dungeon |  11540 |  11179 |    361 |   4257 |   5514 |   8 | 1442.5 |
          Lair |    206 |    206 |      0 |     69 |    102 |   1 |  206.0 |
               +--------+--------+--------+--------+--------+-----+--------+

Top non-repeatable levels by time:
     D:7: 2838 daAuts
     D:8: 2050 daAuts
     D:5: 1493 daAuts
     D:6: 1287 daAuts
     D:4: 1128 daAuts
     D:1: 1059 daAuts
     D:3: 855 daAuts
     D:2: 827 daAuts
  Lair:1: 206 daAuts
